 Dungeon Crawl Stone Soup version 0.30-a0-1018-g25214051b3 (webtiles) character file.

Game seed: 11927257624537937055

35 kae the Chopper (level 3, -13/31 HPs)
             Began as a Hill Orc Fighter on Apr 7, 2023.
             Mangled by a kobold
             ... wielding a +0 dagger of electrocution
              (20 damage)
             ... on level 2 of the Dungeon.
             The game lasted 00:00:49 (1344 turns).

kae the Chopper (Hill Orc Fighter)                  Turns: 1344, Time: 00:00:50

Health: -13/31     AC:  6    Str: 20    XL:     3   Next: 35%
Magic:  3/3        EV:  9    Int:  8    God:
Gold:   10         SH:  4    Dex: 10    Spells: 2/2 levels left

rFire   . . .      SeeInvis .    a - +0 war axe
rCold   . . .      Faith    .    c - +0 buckler
rNeg    . . .      Spirit   .    b - +0 scale mail
rPois   .          Reflect  .    (no helmet)
rElec   .          Rampage  .    (no cloak)
rCorr   .                        (no gloves)
Will    .....                    (no boots) Stlth
                                 (no amulet)
HPRegen 0.25/turn                (no ring)
MPRegen 0.08/turn                (no ring)

@: no status effects
A: no striking features
a: no special abilities


You were on level 2 of the Dungeon.
You visited 1 branch of the dungeon, and saw 2 of its levels.

You collected 65 gold pieces.
You spent 55 gold pieces at shops.


   Skills:
 - Level 3.6 Fighting
 + Level 4.9 Axes
 - Level 3.2 Armour
 - Level 3.2 Shields


You had 2 spell levels left.
You didn't know any spells.
Your spell library contained the following spells:

 Spells                   Type           Power      Damage    Failure   Level
 Sting                    Tmut/Pois      0%         1d3       85%         1
 Poisonous Vapours        Pois/Air       0%         N/A       94%         2
 Dazzling Flash           Conj/Hex       0%         N/A       99%         3
 Olgreb's Toxic Radiance  Pois           0%         N/A       100%        4
 Agony                    Necr           0%         N/A       100%        5
 Silence                  Hex/Air        0%         N/A       100%        5

Inventory:

Hand Weapons
 a - a +0 war axe (weapon)
Missiles
 e - 32 stones (quivered)
 h - 3 curare-tipped darts {=f}
 m - 8 poisoned darts
Armour
 b - a +0 scale mail (worn)
 c - a +0 buckler (worn)
Wands
 l - a wand of paralysis (6)
   (You found it on level 2 of the Dungeon)
Scrolls
 f - 2 scrolls of identify {@r1}
 g - a scroll of blinking {unknown}
 n - a scroll of teleportation {@r4}
Potions
 d - a potion of might
 i - a potion of haste {@q3}
 j - a potion of curing {unknown}
 k - a potion of flight {unknown}

Dungeon Overview and Level Annotations

Branches:
Dungeon (2/15) Zot: 10623

Altars:
Sif Muna

Shops:
D:2

? ,* #...... ,* #.....8 .*
#...### .# ####.....⌠ .#
#..'..8#⌠∩ .# #.##...#.⌠ .#
###### ##########.##...###
.###....#######...........#.....8
.##.....'.......@.........#8.....
........#####..K.################
..##....# #.....,,,,,,* ***,*
.###....# #......,,,,,* *,,,,
.###....#####.......,,,,* *,,,,
............+........,,,* *,,,,
#....########.........,,* *,,,,
+....'......+..........,* *,,,,
#....########,,,,,,****** *,,,,


You could see a kobold.


Message History

No target in view!
l - a wand of paralysis (6) No target in view!
No target in view!
m - 5 poisoned darts No target in view!
No target in view!
A quokka comes into view.
Found a stone staircase leading down.
A quokka is nearby!
You hit the quokka.
The quokka bites you but does no damage.
You slash the quokka!
You kill the quokka!
You see here a quokka corpse.
There is a stone staircase leading down here.
You now have 65 gold pieces (gained 18).
You open the door.
A goblin comes into view. It is wielding a +0 dagger.
The goblin shouts!
The goblin hits you but does no damage.
There is an open door here.
You hit the goblin. You block the goblin's attack.
A goblin is nearby!
A goblin is nearby!
You barely miss the goblin. The goblin barely misses you.
You block the goblin's attack.
You closely miss the goblin. The goblin closely misses you.
A goblin is nearby!
You completely miss the goblin. The goblin closely misses you.
You hit the goblin.
You kill the goblin!
An endoplasm comes into view.
The endoplasm quivers.
An endoplasm is nearby!
The endoplasm hits you but does no damage.
You hit the endoplasm.
You kill the endoplasm!
Found The Oracle's Delphic Readings.
You pick up a Young Poisoner's Handbook and begin reading...
You add the spells Sting, Poisonous Vapours and Olgreb's Toxic Radiance to your library.
e - 32 stones (gained 4) No target in view!
No target in view!
There is a fountain of clear blue water here.
There is an entrance to The Oracle's Delphic Readings here.
n - a scroll of teleportation {@r4}
f - 2 scrolls of identify {@r1} (gained 1) Thank you for shopping at The Oracle's Delphic Readings!
You can access your shopping list by pressing '$'.
You open the door.
There is an open door here.
There is an open door here.
m - 8 poisoned darts (gained 3) Unknown command.
There is an open door here.
A kobold and 2 ball pythons come into view.
The kobold is wielding a +0 dagger of electrocution.
The ball python hisses angrily.
The kobold shouts!
There are monsters nearby!
There are monsters nearby!
There are monsters nearby!
The ball python closely misses you. The ball python grabs you.
The ball python constricts you.
You closely miss the ball python.
The ball python bites you but does no damage.
The ball python constricts you.
You hit the ball python but do no damage.
You block the ball python's attack. The ball python constricts you.
The ball python bites you.
The ball python bites you but does no damage.
The ball python constricts you. 😕 HP[-4]
You take 4 damage, and now have 27/31 hp.
You hit the ball python. x2
You kill the ball python!
The ball python bites you but does no damage.
The ball python constricts you.
You barely miss the ball python. You barely miss the kobold.
The ball python barely misses you. The ball python constricts you.
The kobold barely misses you. The kobold hits you but does no damage.
The ball python barely misses you.
The ball python constricts you. 😕 HP[+1]
You slash the ball python!
You kill the ball python!
You hit the kobold. The kobold hits you but does no damage.
You are electrocuted!!
Ouch! That really hurt!
* * * LOW HITPOINT WARNING * * *
You are too injured to fight recklessly! 😨 HP[-18]
You take 18 damage, and now have 10/31 hp.
MASSIVE DAMAGE!! (PAUSE)
You barely miss the kobold.
The kobold hits you with a +0 dagger of electrocution.
* * * LOW HITPOINT WARNING * * *
You are electrocuted!!
Ouch! That really hurt!
You die...

Skill      XL: |  1  2 |
---------------+-------+-----
Axes           | 3 4 |  4.9
Fighting       | |  3.6
Armour         | |  3.2
Shields        | |  3.2

Action                     || total
---------------------------++-------
  Melee: War axe           ||    99
    Use: Scroll            ||     4
 Armour: Scale mail        ||    59
  Dodge: Dodged            ||    51
  Block: Buckler           ||    34

Levels and vault maps discovered:
D:1:      dpeg_arrival_connections, layout_basic,
          shapermc_ecumenical_altar_mp_urbaneastern
D:2:      layout_basic, basic_altar, nicolae_nh_oracle_at_delphi

Notes
Turn   | Place    | Note
-------+----------+-------------------------------------------
     0 | D:1      | kae the Hill Orc Fighter began the quest for the Orb.
     0 | D:1      | Reached XP level 1. HP: 19/19 MP: 1/1
     0 | D:1      | magus.rc [v1.11.3]
   285 | D:1      | Reached skill level 3 in Axes
   354 | D:1      | Reached XP level 2. HP: 26/26 MP: 2/2
   400 | D:1      | You pick up a book of the Senses and begin reading...
   400 | D:1      | You add the spells Dazzling Flash, Agony and Silence to
                  | your library.
   458 | D:1      | Found a faded altar of an unknown god.
   786 | D:1      | Reached skill level 4 in Axes
  1147 | D:2      | Reached XP level 3. HP: 29/31 MP: 3/3
  1184 | D:2      | Found a shimmering blue altar of Sif Muna.
  1295 | D:2      | Found The Oracle's Delphic Readings.
  1296 | D:2      | You add the spells Sting, Poisonous Vapours and Olgreb's
                  | Toxic Radiance to your library.
  1302 | D:2      | Bought a scroll of teleportation for 33 gold pieces
  1302 | D:2      | Bought a scroll of identify for 22 gold pieces
  1344 | D:2      | HP: 7/31 [kobold/+0 dagger of electrocution (3)]
  1344 | D:2      | Mangled by a kobold

Vanquished Creatures
  A dart slug (D:2)
  2 endoplasms
  3 giant cockroaches
  3 goblins
  2 hobgoblins
  2 jackals (D:1)
  A kobold (D:2)
  2 quokkas (D:2)
  3 ball pythons (D:2)
  7 bats
  4 rats
30 creatures vanquished.

Table legend:
 A = Non-vault XP
 B = Vault XP
 C = Vault XP percentage of total XP
 D = Non-vault monster count
 E = Vault monster count
 F = Vault count percentage of total count
                 A         B        C        D         E       F
            +---------+---------+-------+---------+---------+-------
      Total |      47 |       4 |   7.8 |      28 |       2 |   6.7
            +---------+---------+-------+---------+---------+-------
        D:1 |      20 |       0 |   0.0 |      12 |       0 |   0.0
        D:2 |      27 |       4 |  12.9 |      16 |       2 |  11.1
            +---------+---------+-------+---------+---------+-------

Illustrated notes

Table legend:
 A = Kills in this place as a percentage of kills in the entire game.
 B = Kills by you in this place as a percentage of kills by you in the entire game.
 C = Kills by friends in this place as a percentage of kills by friends in the entire game.
 D = Other kills in this place as a percentage of other kills in the entire game.
 E = Experience gained in this place as a percentage of experience gained in the entire game.
 F = Experience gained in this place divided by the number of levels of this place that you have seen.
                   A       B       C       D       E      F
               +-------+-------+-------+-------+-------+----------------------
         Total | 100.0 | 100.0 |   N/A |   N/A | 100.0 |  25.5
       Dungeon | 100.0 | 100.0 |   N/A |   N/A | 100.0 |  25.5
               +-------+-------+-------+-------+-------+----------------------

Table legend: (Time is in decaauts)
 A = Elapsed time spent in this place.
 B = Non-inter-level travel time spent in this place.
 C = Inter-level travel time spent in this place.
 D = Time resting spent in this place.
 E = Time spent auto-exploring this place.
 F = Levels seen in this place.
 G = Mean time per level.
                   A        B        C        D        E       F      G
               +--------+--------+--------+--------+--------+-----+--------+
         Total |   1375 |   1336 |     39 |      0 |   1088 |   2 |  687.5 |
       Dungeon |   1375 |   1336 |     39 |      0 |   1088 |   2 |  687.5 |
               +--------+--------+--------+--------+--------+-----+--------+

Top non-repeatable levels by time:
     D:1: 962 daAuts
     D:2: 413 daAuts
